 Dungeon Crawl Stone Soup version 0.19-a0-1888-g6ba2374 (webtiles) character file.

82 Naow the Shield-Bearer (level 4, -5/36 HPs)
             Began as a Formicid Fighter on Oct 17, 2016.
             Slain by an ogre
             ... wielding a +0 giant club
              (21 damage)
             ... on level 4 of the Dungeon.
             The game lasted 00:02:39 (2327 turns).

Naow the Shield-Bearer (Formicid Fighter)           Turns: 2327, Time: 00:02:40

Health: -5/36      AC: 11    Str: 21    XL:     4   Next: 70%
Magic:  4/4        EV:  4    Int:  8    God:
Gold:   147        SH: 11    Dex: 10    Spells: 0 memorised, 3 levels left

rFire  . . .     SeeInvis +     a - +0 war axe
rCold  . . .     Gourm    .     l - +0 plate armour
rNeg   . . .     Faith    .     y - +2 shield
rPois  +         Spirit   .     (helmet unavailable)
rElec  .         Dismiss  .     (no cloak)
rCorr  .         Reflect  .     (no gloves)
MR     .....     Harm     .     (no boots)
Stlth  ..........               (no amulet)
                                (no ring)
                                j - ring of poison resistance

@: no status effects
A: permanent stasis, dig shafts and tunnels, four strong arms, antennae 3
a: Dig, Shaft Self


You were on level 4 of the Dungeon.
You were not hungry.

You visited 1 branch of the dungeon, and saw 4 of its levels.

You collected 147 gold pieces.

Inventory:

Hand Weapons
 a - a +0 war axe (weapon)
Armour
 b - a +0 scale mail
 c - a +0 shield
 l - a +0 plate armour (worn)
 y - a +2 shield (worn)
Jewellery
 j - a ring of poison resistance (left hand)
Scrolls
 e - 6 scrolls of identify {unknown}
 g - a scroll of random uselessness {unknown}
 h - a scroll of teleportation {unknown}
 m - 2 scrolls of enchant weapon {unknown}
 p - 2 scrolls of fear {unknown}
 q - a scroll of blinking {unknown}
 s - a scroll of remove curse {unknown}
 u - 2 scrolls of amnesia {unknown}
 v - a scroll of immolation {unknown}
Potions
 d - 2 potions of might
 i - a potion of mutation {unknown}
 o - a potion of magic {unknown}
 r - 2 potions of agility {unknown}
 w - a potion of degeneration {unknown}
 x - a potion of flight {unknown}
 A - a potion of ambrosia {unknown}
Comestibles
 f - 4 bread rations
 k - a slice of pizza
 n - a beef jerky
 t - 2 meat rations
 z - 3 fruits


   Skills:
 + Level 3.6 Fighting
 + Level 3.5 Axes
 - Level 3.5 Armour
 - Level 0.3 Dodging
 - Level 4.2 Shields


You had 3 spell levels left.
You didn't know any spells.

Dungeon Overview and Level Annotations

Branches:
Dungeon (4/15)             Temple (0/1) D:4

Altars:
Kikubaaqudgha


Innate Abilities, Weirdness & Mutations

You are under a permanent stasis effect.
You can dig through walls and to a lower floor.
Your four strong arms can wield two-handed weapons with a shield.
You have a pair of large antennae on your head. (SInv)


Message History

You open the door.
Found a glowing shortbow.
There is an open door here.
You open the door.
There is an open door here.
You open the door.
There is an open door here.
You sense a monster nearby.
A quokka skeleton comes into view.
An ogre comes into view. It is wielding a giant club.
Found a staircase to the Ecumenical Temple.
You slash the quokka skeleton!
You destroy the quokka skeleton!
The ogre hits you with a giant club!!
Ouch! That really hurt!
You hit the ogre.
The ogre is lightly wounded.
The ogre hits you with a giant club!!
Ouch! That really hurt!
You die...

.....#....#
.....#....# #...#
....<#..).# #...#
.....#....######...#
.....'.........#...#
.....##'####...+...#
.....#....##+###...#
.....#....##..##O..#
.....#.....#....@..#
.....#.....'.......#
.....#..########...#
.....#### #...#
.....# ....# .....#
#.....# #.....#
+.....#


You could see an ogre.

Vanquished Creatures
  A worker ant (D:3)
  2 adders (D:2)
  A worm (D:2)
  A leopard gecko (D:2)
  A ball python (D:2)
  6 bats
  A giant cockroach (D:2)
  5 goblins
  4 hobgoblins
  6 kobolds
  3 frilled lizards
  A quokka skeleton (D:4)
  6 rats
38 creatures vanquished.

Notes
Turn   | Place    | Note
-------+----------+-------------------------------------------
     0 | D:1      | Naow the Formicid Fighter began the quest for the Orb.
     0 | D:1      | Reached XP level 1. HP: 18/18 MP: 1/1
   274 | D:1      | Reached XP level 2. HP: 24/24 MP: 2/2
   666 | D:1      | Reached skill level 4 in Shields
   791 | D:2      | Reached XP level 3. HP: 19/29 MP: 3/3
  1244 | D:2      | Reached XP level 4. HP: 35/35 MP: 4/4
  1689 | D:3      | Found an ancient bone altar of Kikubaaqudgha.
  2322 | D:4      | Noticed an ogre
  2323 | D:4      | Found a staircase to the Ecumenical Temple.
  2327 | D:4      | Slain by an ogre

Vault maps used:
D:1:      dpeg_arrival_round_b, minmay_pentomino_p4
D:3:      marbit_many_paths, first_bread
D:4:      okawaru_gym_becter, uniq_grinder, uniq_robin

Skill      XL: |  1  2  3  4 |
---------------+-------------+-----
Shields        | 4 |  4.2
Axes           | 3 |  3.5
Fighting       | |  3.6
Armour         | |  3.5
Dodging        | |  0.3

Action                   |  1- 3 |  4- 6 || total
-------------------------+-------+-------++-------
Melee: War axe           |   115 |    43 ||   158
  Eat: Chunk             |     1 |     4 ||     5
Armor: Scale mail        |    23 |       ||    23
       Plate armour      |    77 |    21 ||    98
Dodge: Dodged            |    29 |     6 ||    35
Block: Shield            |    85 |    17 ||   102
